 Dungeon Crawl Stone Soup version 0.30-a0-1018-g25214051b3 (webtiles) character file.

Game seed: 761332010580925913

616 BlueFish the Sneak (level 7, -6/46 HPs)
             Began as an Octopode Warper on Apr 7, 2023.
             Mangled by Menkaure (24 damage)
             ... on level 4 of the Dungeon.
             The game lasted 00:08:45 (3611 turns).

BlueFish the Sneak (Octopode Warper)                Turns: 3611, Time: 00:08:46

Health: -6/46      AC:  1    Str: 12    XL:     7   Next: 45%
Magic:  4/11       EV: 14    Int: 15    God:
Gold:   149        SH:  0    Dex: 12    Spells: 1/12 levels left

rFire   . . .      SeeInvis .      - Unarmed
rCold   . . .      Faith    .    (no shield)
rNeg    . . .      Spirit   .    (helmet restricted)
rPois   +          Reflect  .    (no amulet)
rElec   .          Rampage  .    n - ring of poison resistance
rCorr   .                        (no ring)
Will    .....                    (no ring)
Stlth   ++++                     (no ring)
HPRegen 0.27/turn                (no ring)
MPRegen 0.12/turn                (no ring)
                                 (no ring)
                                 (no ring)

@: very slightly contaminated
A: almost no armour, amphibious, 8 rings, camouflage 1, gelatinous body 1,
(nimble swimmer 1), tentacles
a: no special abilities


You were on level 4 of the Dungeon.
You visited 1 branch of the dungeon, and saw 4 of its levels.

You collected 149 gold pieces.

Inventory:

Missiles
 b - 7 boomerangs of dispersal
 c - 24 stones (quivered)
 d - 15 poisoned darts
Jewellery
 n - a ring of poison resistance (left tentacle)
Scrolls
 a - 2 scrolls of blinking
 f - a scroll of poison {unknown}
 i - 2 scrolls of magic mapping
 j - 2 scrolls of teleportation {unknown}
 k - a scroll of fog {unknown}
 l - a scroll of torment
 m - 2 scrolls of fear
Potions
 e - 4 potions of heal wounds
 g - 5 potions of curing
 h - 3 potions of flight


   Skills:
 + Level 3.3 Fighting
 + Level 2.8 Throwing
 + Level 3.4 Dodging
 * Level 5.2 Stealth
 + Level 3.3 Unarmed Combat
 + Level 3.1 Spellcasting
 + Level 4.0 Translocations
 * Level 0.0 Transmutations
 * Level 0.0 Ice Magic


You had one spell level left.
You knew the following spells:

 Your Spells              Type           Power      Damage    Failure   Level
a - Blink                 Tloc           28%        N/A       6%          2
b - Lesser Beckoning      Tloc           28%        N/A       6%          2
c - Teleport Other        Tloc           14%        N/A       12%         3
d - Ice Form              Ice/Tmut       2%         N/A       89%         4

Your spell library contained the following spells:

 Spells                   Type           Power      Damage    Failure   Level
 Vhi's Electric Charge    Tloc/Air       16%        N/A       26%         3
 Manifold Assault         Tloc           14%        N/A       36%         4
 Frozen Ramparts          Ice            4%         1d1       52%         3
 Ignite Poison            Fire/Tmut/Pois 2%         N/A       52%         3
 Sticky Flame             Conj/Fire      2%         2d3       89%         4
 Summon Ice Beast         Ice/Summ       2%         N/A       89%         4
 Summon Forest            Summ/Tloc      4%         N/A       94%         5
 Summon Mana Viper        Hex/Summ       2%         N/A       99%         5
 Summon Cactus Giant      Summ           1%         N/A       100%        6
 Ignition                 Fire           1%         3d3       100%        8


Dungeon Overview and Level Annotations

Branches:
Dungeon (4/15)
 Temple: D:4-7

Altars:
Uskayaw

Annotations:
D:4 Menkaure


Innate Abilities, Weirdness & Mutations

You cannot wear most types of armour.
You are amphibious.
You can wear up to eight rings at the same time.
Your skin changes colour to match your surroundings (Stealth+).
Your rubbery body absorbs attacks. (AC +1, EV +1)
((You are camouflaged when in or above water. (Stealth+)))
You have tentacles for arms and can constrict up to eight enemies at once.


Message History

Menkaure gestures wildly while chanting.
Menkaure seems to speed up.
Menkaure disappears!
The gnoll throws a stone.
The stone closely misses you.
You start resting.
A gnoll is nearby!
You start resting.
Your magical contamination has completely faded away.
You start resting.
A gnoll is nearby!
You tentacle-slap the gnoll but do no damage.
Your grab misses the gnoll.
The gnoll drinks a potion.
The gnoll seems to grow stronger.
The gnoll attacks as you move away!
The gnoll hits you with a +1 flail of protection!
The gnoll throws a stone.
The stone misses you.
You tentacle-slap the gnoll. You grab the gnoll. You squeeze the gnoll.
The gnoll is severely wounded.
You constrict the gnoll. The gnoll barely misses you.
You tentacle-slap the gnoll but do no damage.
You squeeze the gnoll, but do no damage.
The gnoll is almost dead.
You constrict the gnoll.
The gnoll hits you with a +1 flail of protection!
You tentacle-slap the gnoll but do no damage.
The gnoll is almost dead.
You constrict the gnoll.
You kill the gnoll!
Menkaure closely misses you.
Casting: Teleport Other (dangerous; 12% risk of failure)
Confirm with . or Enter, or press ? or * to list all spells.
Aiming: Teleport Other (dangerous; 12% risk of failure)
Press: ? - help, Shift-Dir - straight line, f/p - Menkaure
Aim: Menkaure (fast, chance to affect: 53%)
You miscast Teleport Other.
You are very lightly contaminated with residual magic.
Nothing appears to happen.
Menkaure rustles, "It doesn't hurt if you pull your brain out of your nose yourself."
Menkaure hits you!!
Ouch! That really hurt!
You die...

###..........g..# #......
...............####
#####.#
.##.#.(..#........## ##.#
#..(##.#.........####....
###( #............#...#..
#(##.##...........)####
#.......#.............#
##.....####.....##.....#
.......@M..............#
.....####.........#....#
..... ##..............# #
##.........##.....
.............##.....
########...#.......#
########>..## #...# #..)#


You could see Menkaure (fast).

Vanquished Creatures
  Sigmund (D:2)
  A phantom (D:3)
  2 howler monkeys
  A jelly (D:4)
  2 hounds
  Terence (D:2)
  A sleepcap (D:3)
  An orc wizard (D:3)
  7 gnolls
  A worm (D:2)
  A dart slug (D:1)
  5 orcs
  8 ball pythons
  4 bats
  6 endoplasms
  A giant cockroach (D:1)
  7 goblins
  5 hobgoblins
  8 kobolds
  5 quokkas
  4 frilled lizards
  7 rats
79 creatures vanquished.

Notes
Turn   | Place    | Note
-------+----------+-------------------------------------------
     0 | D:1      | BlueFish the Octopode Warper began the quest for the Orb.
     0 | D:1      | Reached XP level 1. HP: 14/14 MP: 3/3
   183 | D:1      | Reached XP level 2. HP: 19/19 MP: 5/5
   186 | D:1      | Learned a level 2 spell: Blink
   189 | D:1      | Learned a level 2 spell: Lesser Beckoning
   344 | D:1      | Found a faded altar of an unknown god.
   365 | D:1      | Reached skill level 1 in Stealth
   497 | D:1      | Reached XP level 3. HP: 23/24 MP: 6/6
   779 | D:2      | Noticed Sigmund
  1024 | D:2      | Noticed Terence
  1033 | D:2      | Killed Terence
  1034 | D:2      | Reached skill level 2 in Stealth
  1034 | D:2      | Reached XP level 4. HP: 7/30 MP: 7/7
  1563 | D:3      | Learned a level 3 spell: Teleport Other
  1596 | D:3      | Found a hide-covered altar of Uskayaw.
  2031 | D:4      | Noticed Menkaure
  2065 | D:3      | Reached XP level 5. HP: 16/35 MP: 8/8
  2107 | D:4      | Reached skill level 3 in Stealth
  2351 | D:4      | Noticed a phantom
  2646 | D:4      | Reached XP level 6. HP: 19/41 MP: 8/10
  3022 | D:4      | Reached skill level 4 in Stealth
  3380 | D:3      | Reached XP level 7. HP: 16/46 MP: 11/11
  3506 | D:2      | Killed Sigmund
  3507 | D:2      | Reached skill level 5 in Stealth
  3523 | D:3      | Learned a level 4 spell: Ice Form
  3611 | D:4      | Mangled by Menkaure

Illustrated notes

Levels and vault maps discovered:
D:1:      minmay_arrival_split_and_join, layout_rooms,
          chequers_ecumenical_altar_island, corexii_leaking_fountain
D:2:      layout_loops_ring, serial_glass, glass_columns_b, glass_columns_a,
          due_unseen_surprise, uniq_terence, uniq_sigmund
D:3:      layout_basic, old_standard_altar
D:4:      layout_rooms, uniq_menkaure

Skill      XL: |  1  2  3  4  5  6  7 |
---------------+----------------------+-----
Stealth        | 1 2 3 4 5 |  5.2
Throwing       | 2 |  2.8
Dodging        | 3 |  3.4
Unarmed Combat | 3 |  3.3
Fighting       | 3 |  3.3
Spellcasting   | 3 |  3.1
Translocations | 4 |  4.0

Action                     |  1- 3 |  4- 6 |  7- 9 || total
---------------------------+-------+-------+-------++-------
  Melee: Unarmed           |    80 |   171 |     9 ||   260
         Tentacles         |    17 |    32 |     6 ||    55
         Constrict         |    20 |    22 |     2 ||    44
         Punch             |     4 |     2 |       ||     6
  Throw: Stone             |     1 |       |       ||     1
         Dart              |       |    21 |       ||    21
   Cast: Blink             |       |     1 |       ||     1
         Teleport Other    |       |       |     1 ||     1
    Use: Scroll            |       |     6 |       ||     6
         Potion            |       |     2 |       ||     2
   Stab: Sleeping          |     4 |     8 |     1 ||    13
 Armour: Skin              |     5 |     6 |       ||    11
  Dodge: Dodged            |    40 |    65 |     4 ||   109

Table legend: (Time is in decaauts)
 A = Elapsed time spent in this place.
 B = Non-inter-level travel time spent in this place.
 C = Inter-level travel time spent in this place.
 D = Time resting spent in this place.
 E = Time spent auto-exploring this place.
 F = Levels seen in this place.
 G = Mean time per level.
                   A        B        C        D        E       F      G
               +--------+--------+--------+--------+--------+-----+--------+
         Total |   3606 |   3189 |    417 |    479 |   1868 |   4 |  901.5 |
       Dungeon |   3606 |   3189 |    417 |    479 |   1868 |   4 |  901.5 |
               +--------+--------+--------+--------+--------+-----+--------+

Top non-repeatable levels by time:
     D:3: 1297 daAuts
     D:2: 900 daAuts
     D:1: 742 daAuts
     D:4: 666 daAuts
